 Dungeon Crawl Stone Soup version 0.28.0-43-g3370ac3207 (webtiles) character file.

Game seed: 934728561221531281

79 Ablot the Grasshopper (level 4, 0/38 HPs)
             Began as a Gnoll Warper on Mar 14, 2022.
             Slain by a gnoll
             ... wielding a +0 halberd
              (12 damage)
             ... on level 3 of the Dungeon.
             The game lasted 00:02:25 (2119 turns).

Ablot the Grasshopper (Gnoll Warper)                Turns: 2119, Time: 00:02:26

Health: 0/38       AC:  3    Str: 12    XL:     4   Next: 37%
Magic:  11/11      EV: 14    Int: 12    God:
Gold:   103        SH:  0    Dex: 18    Spells: 11/13 levels left

rFire   . . .      SeeInvis .   e - +4 dagger
rCold   . . .      Faith    .   (no shield)
rNeg    . . .      Spirit   .   b - +0 leather armour
rPois   .          Reflect  .   (no helmet)
rElec   .          Harm     .   (no cloak)
rCorr   .          Rampage  .   (no gloves)
Will    .....                   (no boots)
Stlth   ++........              (no amulet)
HPRegen 0.12/turn               p - +6 ring of dexterity
MPRegen 0.12/turn               (no ring)

@: no status effects
A: fangs 1, strong nose, distributed training
a: no special abilities


You were on level 3 of the Dungeon.
You visited 1 branch of the dungeon, and saw 3 of its levels.

You collected 103 gold pieces.

Inventory:

Hand Weapons
 a - a +0 spear
 e - a +4 dagger (weapon)
Missiles
 d - 5 boomerangs of dispersal
 g - 5 boomerangs (quivered)
 j - 51 stones
 m - 5 atropa-tipped darts
Armour
 b - a +0 leather armour (worn)
Magical Staves
 n - a staff of poison
Jewellery
 o - a ring of ice
 p - a +6 ring of dexterity (left hand)
Scrolls
 c - a scroll of blinking
 f - 2 scrolls of vulnerability {unknown}
 i - a scroll of fog {unknown}
 l - a scroll of enchant armour {unknown}
Potions
 h - 2 potions of mutation {unknown}
 k - 2 potions of might {unknown}


   Skills:
 + Level 4.6 Fighting
 + Level 1.1 Short Blades
 + Level 1.1 Long Blades
 + Level 1.1 Axes
 + Level 1.1 Maces & Flails
 + Level 4.6 Polearms
 + Level 1.1 Staves
 + Level 1.1 Slings
 + Level 1.1 Bows
 + Level 1.1 Crossbows
 + Level 2.7 Throwing
 + Level 2.7 Armour
 + Level 4.6 Dodging
 + Level 1.1 Stealth
 + Level 1.1 Shields
 + Level 1.1 Unarmed Combat
 + Level 5.0 Spellcasting
 + Level 0.8 Conjurations
 + Level 0.8 Hexes
 + Level 0.8 Summonings
 + Level 0.8 Necromancy
 + Level 5.4 Translocations
 + Level 0.8 Transmutations
 + Level 0.8 Fire Magic
 + Level 0.8 Ice Magic
 + Level 0.8 Air Magic
 + Level 0.8 Earth Magic
 + Level 0.8 Poison Magic
 + Level 1.2 Invocations
 + Level 1.1 Evocations


You had 11 spell levels left.
You knew the following spells:

 Your Spells              Type           Power      Damage    Failure   Level
a - Blink                 Tloc           32%        N/A       4%          2

Your spell library contained the following spells:

 Spells                   Type           Power      Damage    Failure   Level
 Gell's Gravitas          Tloc           16%        N/A       8%          3
 Lesser Beckoning         Tloc           16%        N/A       8%          3
 Teleport Other           Tloc           16%        N/A       8%          3
 Manifold Assault         Tloc           16%        N/A       58%         5


Dungeon Overview and Level Annotations

Branches:
Dungeon (3/15)

Altars:

Shops:
D:3 :


Innate Abilities, Weirdness & Mutations

You have very sharp teeth.
Your uncanny sense of smell can sniff out nearby items.
Your experience applies equally to all skills.


Message History

A ball python comes into view.
The ball python hisses angrily.
The ball python completely misses you. The ball python closely misses you.
The ball python barely misses you. The ball python grabs you.
The ball python constricts you.
You hit the ball python.
The ball python is heavily wounded.
The ball python bites you. The ball python constricts you.
You hit the ball python.
You kill the ball python!
No target in view!
No target in view!
HP restored.
You see here a ball python corpse.
Found a stone staircase leading down.
Found a ring mail.
A gnoll comes into view.
It is wielding a +0 club. 2 gnolls come into view.
The gnoll shouts! x2
The gnoll completely misses you. The gnoll barely misses you.
You hit the gnoll but do no damage. The gnoll closely misses you.
The gnoll hits you from afar with a +0 halberd!
You hit the gnoll.
The gnoll is heavily wounded.
The gnoll hits you with a +0 club. The gnoll misses you.
You closely miss the gnoll.
The gnoll is heavily wounded.
The gnoll hits you with a +0 club. The gnoll closely misses you.
You are too injured to fight recklessly!
A giant cockroach comes into view.
You hit the gnoll.
The gnoll is severely wounded.
The gnoll hits you with a +0 club!
You hit the gnoll but do no damage.
The gnoll is severely wounded.
The gnoll barely misses you.
You hit the gnoll.
The gnoll is almost dead.
The gnoll hits you from afar with a +0 halberd!
You die...

#....#.#.####.
#########.#...#.....
#.........##..#...#
#†###....###..#... #.#
#.........#.####.######
#.#
#....####B..........#..
#.#
#.......#g#.#....##.#.#
#.#
#.....#.#g#.#.###.#.#.#
#.# #.......#@#.#g#
#.#.#
#.###.....###.#.#.#
#.#.# .
#...........#.#.#..
#.#.###.
#####.....#.#.#.#.#
#....... #.†...#
#...#.. #....... ###
#.....# ###
#.#####.......
..######.....#
#........)###.
..#..........#
#..###....# .
..#.########## #.
#..†..#


You could see 2 gnolls and a giant cockroach.

Vanquished Creatures
  An orc priest (D:3)
  3 orcs (D:3)
  5 ball pythons
  3 endoplasms
  2 giant cockroaches (D:1)
  4 goblins
  3 hobgoblins
  5 kobolds
  3 quokkas
  7 bats
  4 frilled lizards
  6 rats
46 creatures vanquished.

Vanquished Creatures (others)
  3 plants (D:2)
3 creatures vanquished.

Grand Total: 49 creatures vanquished

Notes
Turn   | Place    | Note
-------+----------+-------------------------------------------
     0 | D:1      | Ablot the Gnoll Warper began the quest for the Orb.
     0 | D:1      | Reached XP level 1. HP: 20/20 MP: 6/6
   114 | D:1      | Reached XP level 2. HP: 26/26 MP: 7/7
   117 | D:1      | Learned a level 2 spell: Blink
   664 | D:2      | Reached XP level 3. HP: 28/31 MP: 9/9
   675 | D:2      | Reached skill level 5 in Spellcasting
  1083 | D:2      | Reached skill level 1 in Invocations
  1521 | D:3      | Found Koirac's Book Boutique.
  1532 | D:3      | Reached skill level 1 in Short Blades
  1532 | D:3      | Reached skill level 1 in Long Blades
  1532 | D:3      | Reached skill level 1 in Axes
  1532 | D:3      | Reached skill level 1 in Maces & Flails
  1532 | D:3      | Reached skill level 1 in Staves
  1532 | D:3      | Reached skill level 1 in Slings
  1532 | D:3      | Reached skill level 1 in Bows
  1532 | D:3      | Reached skill level 1 in Crossbows
  1532 | D:3      | Reached skill level 1 in Stealth
  1532 | D:3      | Reached skill level 1 in Shields
  1532 | D:3      | Reached skill level 1 in Unarmed Combat
  1532 | D:3      | Reached skill level 1 in Evocations
  1532 | D:3      | Reached XP level 4. HP: 11/38 MP: 11/11
  2119 | D:3      | Slain by a gnoll

Illustrated notes

Levels and vault maps discovered:
D:1:      mrwooster_arrival_arrow, layout_rooms
D:2:      layout_rooms, serial_bayou, serial_bayou_lake_a, serial_bayou_pond_a,
          serial_bayou_crossing, serial_bayou_pond_c
D:3:      layout_basic, serial_shops, shop, uniq_jessica

Skill      XL: |  1  2  3 |
---------------+----------+-----
Spellcasting   | 5 |  5.0
Invocations    | 1 |  1.2
Short Blades   | 1 |  1.1
Long Blades    | 1 |  1.1
Axes           | 1 |  1.1
Maces & Flails | 1 |  1.1
Staves         | 1 |  1.1
Slings         | 1 |  1.1
Bows           | 1 |  1.1
Crossbows      | 1 |  1.1
Stealth        | 1 |  1.1
Shields        | 1 |  1.1
Unarmed Combat | 1 |  1.1
Evocations     | 1 |  1.1
Fighting       | |  4.6
Polearms       | |  4.6
Throwing       | |  2.7
Armour         | |  2.7
Dodging        | |  4.6
Conjurations   | |  0.8
Hexes          | |  0.8
Summonings     | |  0.8
Necromancy     | |  0.8
Translocations | |  5.4
Transmutations | |  0.8
Fire Magic     | |  0.8
Ice Magic      | |  0.8
Air Magic      | |  0.8
Earth Magic    | |  0.8
Poison Magic   | |  0.8

Action                   |  1- 3 |  4- 6 || total
-------------------------+-------+-------++-------
Melee: Dagger            |    85 |    32 ||   117
       Bite              |     2 |     2 ||     4
       Punch             |       |     3 ||     3
 Stab: Sleeping          |       |     1 ||     1
Armor: Leather armour    |    19 |     4 ||    23
Dodge: Dodged            |    38 |    28 ||    66
